 Dungeon Crawl Stone Soup version 0.30-a0-867-g305f33218d (webtiles) character file.

Game seed: 3979677773144547764

10677 bmack86 the Cleaver (level 11, -2/100 HPs)
             Began as a Minotaur Fighter on Mar 11, 2023.
             Slain by a freezing wraith (7 damage)
             ... on level 9 of the Dungeon.
             The game lasted 00:18:41 (8826 turns).

bmack86 the Cleaver (Minotaur Fighter)              Turns: 8826, Time: 00:18:41

Health: -2/100     AC: 17    Str: 26    XL:     11   Next: 39%
Magic:  10/10      EV:  6    Int:  5    God:
Gold:   983        SH: 10    Dex:  9    Spells: 10/10 levels left

rFire   . . .      SeeInvis +    x - +4 broad axe
rCold   . . .      Faith    .    H - +0 kite shield
rNeg    . . .      Spirit   .    y - +0 plate armour
rPois   +          Reflect  .    (helmet restricted)
rElec   .          Rampage  .    q - +0 cloak
rCorr   .                        (no gloves)
Will    .....                    z - +0 pair of boots Stlth
                                 (no amulet)
HPRegen 0.36/turn                h - ring of see invisible
MPRegen 0.12/turn                l - ring of poison resistance

@: mighty
A: horns 2, retaliatory headbutt
a: no special abilities


You were on level 9 of the Dungeon.
You visited 2 branches of the dungeon, and saw 10 of its levels.
You also visited: Bailey.

You collected 1171 gold pieces.
You spent 188 gold pieces at shops.

Inventory:

Hand Weapons
 a - a +0 war axe of electrocution
 x - a +4 broad axe (weapon)
 C - a +1 broad axe of flaming
Missiles
 b - 26 boomerangs (quivered)
 p - 15 poisoned darts
Armour
 q - a +0 cloak (worn)
 y - a +0 plate armour (worn)
 z - a +0 pair of boots (worn)
 H - a +0 kite shield (worn)
Jewellery
 h - a ring of see invisible (left hand)
 l - a ring of poison resistance (right hand)
Wands
 s - a wand of polymorph (7)
 w - a wand of acid (4)
 B - a wand of flame (27)
 I - a wand of paralysis (10)
Scrolls
 f - 5 scrolls of teleportation
 m - a scroll of vulnerability
 r - a scroll of poison {unknown}
 u - a scroll of immolation
 E - a scroll of fog
 F - a scroll of blinking
 G - a scroll of amnesia
 J - a scroll of torment
Potions
 d - 3 potions of might
 e - 3 potions of berserk rage
 g - 10 potions of curing
 i - 2 potions of haste
 j - 3 potions of brilliance
 k - a potion of ambrosia
 n - 2 potions of mutation
 o - 2 potions of flight
 t - 2 potions of attraction
 v - a potion of magic
 A - a potion of lignification
 D - a potion of heal wounds


   Skills:
 + Level 10.3 Fighting
 * Level 13.5 Axes
 + Level 5.5 Throwing
 + Level 10.2 Armour
 + Level 10.1 Shields


You had 10 spell levels left.
You didn't know any spells.
Your spell library contained the following spells:

 Spells                   Type           Power      Damage    Failure   Level
 Call Canine Familiar     Summ           0%         N/A       100%        3
 Portal Projectile        Hex/Tloc       0%         N/A       100%        3
 Leda's Liquefaction      Hex/Erth       0%         N/A       100%        4


Dungeon Overview and Level Annotations

Branches:
Dungeon (9/15)             Temple (1/1) D:4            Lair (0/5) D:8
 Bailey (visited)
    Orc: D:9-12

Altars:
Ashenzari
Cheibriados
Dithmenos
Elyvilon
Fedhas
Gozag
Hepliaklqana
Kikubaaqudgha
Makhleb
Nemelex Xobeh
Qazlal
Ru
Sif Muna
Trog
Uskayaw
Wu Jian
Xom
Yredelemnul
Zin
The Shining One

Shops:
D:4 [


Innate Abilities, Weirdness & Mutations

You have a pair of horns on your head.
You reflexively headbutt those who attack you in melee.


Message History

You feel very mighty all of a sudden. You block the slime creature's attack.
You completely miss the slime creature.
The boulder beetle curls into a ball and begins rolling!
An orc comes into view. It is wielding a +0 trident.
The slime creature hits you.
* * * LOW HITPOINT WARNING * * *
You slice the slime creature!!
Your headbutt misses the slime creature.
The slime creature is moderately wounded.
The slime creature hits you but does no damage.
You block the orc's attack.
You barely miss the slime creature.
The slime creature is moderately wounded.
The boulder beetle stops rolling and uncurls.
The slime creature hits you.
* * * LOW HITPOINT WARNING * * *
The orc hits you but does no damage.
You slice the slime creature!! You headbutt the slime creature!
You kill the slime creature!
The orc hits you but does no damage.
You slash the orc wizard! Your headbutt misses the orc wizard.
The orc wizard is almost dead.
The boulder beetle leaps!
The orc wizard hits you with a +0 dagger.
* * * LOW HITPOINT WARNING * * *
You block the orc's attack.
You slash the orc wizard!
You kill the orc wizard!
The orc hits you from afar with a +0 trident.
* * * LOW HITPOINT WARNING * * *
You hit the freezing wraith.
The freezing wraith is lightly damaged.
The orc hits you but does no damage. You block the freezing wraith's attack.
The freezing wraith hits you.
* * * LOW HITPOINT WARNING * * *
You barely miss the freezing wraith. You headbutt the freezing wraith.
The freezing wraith is lightly damaged.
You block the freezing wraith's attack. The freezing wraith hits you!
You die...

#...# ..... .#.
##...# .... ...
#....# ..B
##....###. #c#
#.........
#c###..........
#s##..##..##...
# #W##.###..#
... #. #@#..#
..# .. #.#)#(.#
..# #.o....# .#
#..###.# #..
#.# #.. #.# ...
..# .... ...
##### ##


You could see a boulder beetle, a centaur warrior (reflecting), a freezing
wraith, a culicivora shaped shifter, a centaur and an orc.

Vanquished Creatures
  An orc warlord (Bailey)
  A centaur warrior (D:9)
  A deep elf pyromancer (D:9)
  Joseph (D:7)
  A hornet (D:9)
  A slime creature (D:9)
  A wyvern (D:8)
  A yak (D:9)
  6 water moccasins
  Edmund (D:4)
  An acid dragon (D:5)
  4 black bears
  5 orc warriors
  3 ogres
  4 centaurs
  2 phantoms (D:6)
  2 kobold brigands
  A bullfrog (D:8)
  5 scorpions
  8 wights (D:7)
  A howler monkey (D:5)
  3 jellies (D:5)
  2 hounds
  Terence (D:2)
  Natasha (thrice) (D:2)
  4 iguanas
  2 orc wizards
  Robin (D:3)
  8 gnolls
  14 adders
  2 white imps
  An ufetubus (D:4)
  2 worms
  5 dart slugs
  27 orcs
  5 ball pythons
  4 endoplasms
  5 giant cockroaches
  22 goblins
  11 hobgoblins
  4 jackals
  17 kobolds
  2 quokkas (D:4)
  3 bats
  2 frilled lizards (D:3)
  9 rats
210 creatures vanquished.

Vanquished Creatures (others)
  2 kobolds (D:8)
  16 fungi (D:8)
  9 plants (D:8)
27 creatures vanquished.

Grand Total: 237 creatures vanquished

Notes
Turn   | Place    | Note
-------+----------+-------------------------------------------
     0 | D:1      | bmack86 the Minotaur Fighter began the quest for the Orb.
     0 | D:1      | Reached XP level 1. HP: 19/19 MP: 0/0
    69 | D:1      | Reached XP level 2. HP: 25/27 MP: 1/1
   188 | D:1      | Reached skill level 3 in Axes
   777 | D:2      | Noticed Terence
   785 | D:2      | Killed Terence
   786 | D:2      | Reached XP level 3. HP: 20/33 MP: 2/2
   975 | D:2      | Reached XP level 4. HP: 39/40 MP: 3/3
  1050 | D:2      | Noticed Natasha
  1056 | D:2      | Killed Natasha
  1057 | D:2      | Reached skill level 4 in Axes
  1155 | D:2      | Noticed Natasha
  1160 | D:2      | Killed Natasha
  1161 | D:2      | Reached XP level 5. HP: 34/47 MP: 4/4
  1481 | D:2      | Noticed Natasha
  1486 | D:2      | Killed Natasha
  1824 | D:3      | Noticed Robin
  1833 | D:3      | Killed Robin
  1917 | D:3      | Reached skill level 5 in Axes
  2097 | D:3      | Noticed a black bear
  2107 | D:3      | Killed a black bear
  2108 | D:3      | Reached skill level 5 in Fighting
  2108 | D:3      | Reached skill level 5 in Armour
  2108 | D:3      | Reached skill level 5 in Shields
  2108 | D:3      | Reached XP level 6. HP: 20/56 MP: 5/5
  2975 | D:4      | Found Qiuc's Antique Armour Emporium.
  2983 | D:4      | Bought a cloak for 94 gold pieces
  2983 | D:4      | Bought a chain mail for 94 gold pieces
  3250 | D:4      | Noticed Edmund
  3266 | D:4      | Killed Edmund
  3267 | D:4      | Reached skill level 6 in Axes
  3267 | D:4      | Reached XP level 7. HP: 61/61 MP: 6/6
  3308 | D:4      | Found a staircase to the Ecumenical Temple.
  3314 | Temple   | Entered the Ecumenical Temple
  3558 | D:4      | Reached skill level 1 in Throwing
  4044 | D:5      | Entered Level 5 of the Dungeon
  4059 | D:5      | Reached skill level 7 in Axes
  4379 | D:5      | Reached XP level 8. HP: 64/70 MP: 7/7
  4965 | D:5      | Reached skill level 8 in Axes
  5946 | D:6      | Reached XP level 9. HP: 77/79 MP: 8/8
  6243 | D:6      | Found a broken altar of Ashenzari.
  6297 | D:7      | Noticed Joseph
  6313 | D:7      | Killed Joseph
  6314 | D:7      | Reached skill level 9 in Axes
  6517 | D:7      | Found a glowing silver altar of Zin.
  6657 | D:7      | Found a flagged portal.
  6690 | Bailey   | Entered a bailey
  6695 | Bailey   | Noticed an orc warlord
  6807 | Bailey   | Found a runed translucent gate.
  6827 | Bailey   | Found a runed translucent gate.
  6832 | Bailey   | Found a runed translucent gate.
  6893 | Bailey   | Reached skill level 10 in Axes
  6943 | Bailey   | HP: 2/80 [orc warlord/+4 broad axe (17)]
  6944 | Bailey   | Killed an orc warlord
  6945 | Bailey   | Reached XP level 10. HP: 2/88 MP: 9/9
  7224 | Bailey   | Reached skill level 12 in Axes
  7224 | Bailey   | Reached XP level 11. HP: 99/99 MP: 10/10
  7744 | D:8      | Identified a scroll of acquirement
  7744 | D:8      | Acquired 610 gold pieces
  7846 | D:8      | Reached skill level 13 in Axes
  7854 | D:8      | Reached skill level 5 in Throwing
  7870 | D:8      | Reached skill level 10 in Fighting
  7942 | D:8      | Found a staircase to the Lair.
  8016 | D:8      | Found a burning altar of Makhleb.
  8016 | D:8      | Found a sacrificial altar of Ru.
  8787 | D:9      | Noticed a centaur warrior
  8789 | D:9      | Reached skill level 10 in Armour
  8789 | D:9      | Noticed a boulder beetle
  8798 | D:9      | Noticed a deep elf pyromancer
  8806 | D:9      | Killed a centaur warrior
  8807 | D:9      | Reached skill level 10 in Shields
  8813 | D:9      | Killed a deep elf pyromancer
  8815 | D:9      | Noticed a centaur warrior
  8825 | D:9      | HP: 5/100 [freezing wraith (6)]
  8826 | D:9      | Slain by a freezing wraith

Illustrated notes

Levels and vault maps discovered:
D:1:      saegor_arrival_simple_a, layout_basic, minmay_crystal_water,
          minmay_tetromino_t4
D:2:      wad_river_or_something, layout_loops_ring, uniq_terence, uniq_natasha
D:3:      layout_loops_corners, uniq_robin
D:4:      layout_basic, minmay_temple_entry_hall, serial_shops, shop,
          dk_noncrumbling_2, uniq_edmund
D:5:      layout_gridville, minmay_puff
D:6:      layout_layer_cave, ashenzari_altar_1
D:7:      layout_rooms, zin_academy, enter_bailey_5, uniq_joseph
D:8:      layout_basic, gammafunk_temple_overflow_wave,
          due_lair_maze_entry_diamond, lemuel_flamethrower_1
D:9:      minmay_the_grid_triangle_9x9_recursive_2_mashed
          [minmay_the_grid_triangle_9x9_prize_top_heavy,
          minmay_the_grid_triangle_9x9_descending_squares,
          minmay_the_grid_triangle_9x9_sparse_checkered,
          minmay_the_grid_triangle_9x9_sprig], layout_long_grid, special_room
          [special_room_bee], serial_shops, nicolae_stop_n_shop_1,
          nicolae_shop_trees, shop, nicolae_square_shop
Temple:   eino_temple_rhombus

Skill      XL: |  1  2  3  4  5  6  7  8  9 10 11 |
---------------+----------------------------------+-----
Axes           | 3 4 5 6 7 8 10 12 13 | 13.5
Fighting       | 4 5 6 7 8 9 10 | 10.3
Armour         | 4 5 6 8 9 10 | 10.2
Shields        | 4 5 6 8 9 10 | 10.1
Throwing       | 2 3 4 5 |  5.5

Action                     |  1- 3 |  4- 6 |  7- 9 | 10-12 || total
---------------------------+-------+-------+-------+-------++-------
  Melee: War axe           |    59 |   136 |   178 |       ||   373
         Headbutt          |     6 |    10 |    32 |    27 ||    75
         Unarmed           |       |     9 |       |       ||     9
         Broad axe         |       |       |    18 |    92 ||   110
  Throw: Boomerang         |       |       |    40 |    14 ||    54
    Use: Scroll            |     3 |     7 |    14 |     4 ||    28
         Potion            |       |       |     3 |     2 ||     5
   Stab: Confused          |       |     3 |       |       ||     3
 Armour: Scale mail        |    31 |    66 |       |       ||    97
         Chain mail        |       |     9 |    51 |       ||    60
         Skin              |       |     1 |       |       ||     1
         Plate armour      |       |       |    68 |    60 ||   128
  Dodge: Dodged            |    29 |    62 |    82 |    37 ||   210
  Block: Buckler           |    10 |    35 |    51 |    14 ||   110
         Kite shield       |       |       |       |    31 ||    31

Table legend: (Time is in decaauts)
 A = Elapsed time spent in this place.
 B = Non-inter-level travel time spent in this place.
 C = Inter-level travel time spent in this place.
 D = Time resting spent in this place.
 E = Time spent auto-exploring this place.
 F = Levels seen in this place.
 G = Mean time per level.
                   A        B        C        D        E       F      G
               +--------+--------+--------+--------+--------+-----+--------+
         Total |   8915 |   8651 |    264 |    458 |   5984 |  11 |  810.5 |
       Dungeon |   8123 |   7877 |    246 |    217 |   5769 |   9 |  902.6 |
        Temple |    191 |    173 |     18 |      0 |    160 |   1 |  191.0 |
        Bailey |    600 |    600 |      0 |    241 |     54 |   1 |  600.0 |
               +--------+--------+--------+--------+--------+-----+--------+

Top non-repeatable levels by time:
     D:5: 1265 daAuts
     D:2: 1083 daAuts
     D:3: 1038 daAuts
     D:4: 1020 daAuts
     D:8: 1009 daAuts
     D:6: 1003 daAuts
     D:7: 826 daAuts
     D:1: 775 daAuts
  Bailey: 600 daAuts
  Temple: 191 daAuts
     D:9: 99 daAuts
